 Dungeon Crawl Stone Soup version 0.22-a0-247-gbddf880 (webtiles) character file.

1738 tsouns the Sneak (level 9, -6/60 HPs)
             Began as an Octopode Fighter on Feb 27, 2018.
             Was an Initiate of Gozag.
             Mangled by an ice beast (10 damage)
             ... on level 6 of the Dungeon.
             The game lasted 00:11:16 (4823 turns).

tsouns the Sneak (Octopode Fighter)                 Turns: 4823, Time: 00:11:17

Health: -6/60      AC:  1    Str: 15    XL:     9   Next: 5%
Magic:  9/9        EV: 13    Int: 13    God:    Gozag
Gold:   341        SH:  9    Dex: 12    Spells: 8/8 levels left

rFire    . . .     SeeInvis .   v - +4 long sword (freeze)
rCold    . . .     Gourm    .   b - +0 shield
rNeg     . . .     Faith    .   (helmet restricted)
rPois    .         Spirit   .   (no amulet)
rElec    .         Reflect  .   s - ring of protection from magic
rCorr    +         Harm     .   t - ring of resist corrosion
MR       +....                  y - ring of wizardry
Stlth    +++++.....             (no ring)
HPRegen  0.20/turn              (no ring)
MPRegen  0.11/turn              (no ring)
                                (no ring)
                                (no ring)

@: no status effects
A: almost no armour, stealthy swim, amphibious, 8 rings, constrict 8, camouflage
1, gelatinous body 1
a: Potion Petition, Call Merchant, Bribe Branch, Renounce Religion


You were on level 6 of the Dungeon.
You worshipped Gozag.
Gozag was aware of your devotion.
You were not hungry.

You visited 2 branches of the dungeon, and saw 7 of its levels.

You collected 421 gold pieces.
You paid 80 gold pieces to Gozag.

Inventory:

Hand Weapons
 a - a +0 long sword
 n - a +0 blowgun
 r - a +0 scimitar
 v - a +4 long sword of freezing (weapon)
Missiles
 f - 54 stones (quivered)
 g - 48 bolts
 h - 12 tomahawks
 i - a throwing net
 k - 6 javelins
 o - 25 poisoned needles
Armour
 b - a +0 shield (worn)
Jewellery
 s - a ring of protection from magic (left tentacle)
 t - a ring of resist corrosion (right tentacle)
 y - a ring of wizardry (on tentacle)
 z - an uncursed ring of ice
Wands
 x - a wand of disintegration (11)
 A - a wand of clouds (5)
Scrolls
 e - a scroll of identify
 q - a scroll of blinking
Potions
 c - a potion of haste
 j - a potion of ambrosia
 l - a potion of agility
 m - a potion of degeneration
 p - a potion of mutation
Comestibles
 d - 5 rations


   Skills:
 + Level 4.9 Fighting
 + Level 7.2 Long Blades
 + Level 2.1 Throwing
 + Level 4.6 Dodging
 + Level 7.9 Stealth
 + Level 4.6 Shields


You had 8 spell levels left.
You didn't know any spells.

Dungeon Overview and Level Annotations

Branches:
Dungeon (6/15)             Temple (1/1) D:5

Altars:
Ashenzari
Cheibriados
Dithmenos
Fedhas
Gozag
Kikubaaqudgha
Nemelex Xobeh
Okawaru
Qazlal
Sif Muna
Trog
Vehumet
Wu Jian
Xom
Yredelemnul
The Shining One

Annotations:
D:2 Sigmund


Innate Abilities, Weirdness & Mutations

You cannot wear most types of armour.
You are very stealthy in the water. (Stealth+)
You are amphibious.
You can wear up to eight rings at the same time.
You can use your tentacles to constrict eight enemies at once.
Your skin changes colour to match your surroundings (Stealth+).
Your rubbery body absorbs attacks. (AC +1, EV +1)


Message History

Evoke which item? (* to show all) (? for menu, Esc to quit)
Aiming: Disintegrate
Press: ? - help, Shift-Dir - straight line, f - ice beast
Aim: an ice beast (severely wounded, chance to defeat MR: 65%)
The ice beast struggles to resist.
You block the ice beast's attack.
Evoke which item? (* to show all) (? for menu, Esc to quit)
Aiming: Cloud Cone
Press: ? - help, Dir - move target cursor, f/p - ice beast
Aim: an ice beast (severely wounded)
You create a blast of freezing vapour!
The ice beast hits you.
* * * LOW HITPOINT WARNING * * *
The ice beast freezes you!
* * * LOW HITPOINT WARNING * * *
You hit the ice beast but do no damage.
The ice beast is severely wounded.
The ice beast hits you.
* * * LOW HITPOINT WARNING * * *
The ice beast freezes you!
You die...
Your body crumbles into a pile of gold.

...........# ############
##########.# #...........
#..........# #...........
##....#......# #...........
#<.#.....#...# #........)..
##..#..#.##...########......)....
.................................
##..#.##.#....######§#...........
.#............o.@Y§§§............
.#.##...#..#########§............
.#.......<......# #.....#.....##
...........####.# #..(#.#.###.##
..............#.####...#.#.###.##
....................>............
#############.##########.##.###.#
#.# #............ #.##
#.###.#..##.#


You could see an ice beast and an orc wizard.

Vanquished Creatures
  A centaur zombie (D:5)
  A water moccasin (D:6)
  The ghost of Duffy the Magician, an amateur DEFE (D:5)
  An ice beast (D:5)
  An ogre (D:5)
  The ghost of Demitroll the Conjurer, an amateur DrCj (D:3)
  A centaur (D:6)
  2 bullfrogs (D:6)
  A scorpion (D:4)
  A howler monkey (D:5)
  2 crimson imps
  5 orc priests
  2 hounds (D:5)
  A jelly (D:5)
  An iguana (D:5)
  4 worker ants
  A hound skeleton (D:6)
  10 adders
  3 oozes
  2 worms
  2 dart slugs (D:1)
  3 leopard geckos
  7 orcs
  6 bats
  8 giant cockroaches
  11 goblins
  7 hobgoblins
  8 jackals
  7 kobolds
  A quokka (D:6)
  7 frilled lizards
  A leopard gecko skeleton (D:6)
  3 quokka skeletons
  6 rats
  A spectral orc (D:5)
120 creatures vanquished.

Notes
Turn   | Place    | Note
-------+----------+-------------------------------------------
     0 | D:1      | tsouns the Octopode Fighter began the quest for the Orb.
     0 | D:1      | Reached XP level 1. HP: 16/16 MP: 1/1
   107 | D:1      | Reached XP level 2. HP: 20/21 MP: 2/2
   212 | D:1      | Reached XP level 3. HP: 26/26 MP: 3/3
   943 | D:2      | Reached XP level 4. HP: 29/31 MP: 4/4
   971 | D:2      | Noticed Sigmund
  1013 | D:3      | Reached skill level 1 in Stealth
  1033 | D:3      | Noticed Demitroll's ghost (amateur DrCj)
  1053 | D:3      | Killed Demitroll's ghost
  1053 | D:3      | Reached XP level 5. HP: 26/37 MP: 5/5
  1414 | D:3      | Found a bloodstained altar of Trog.
  1915 | D:4      | Reached XP level 6. HP: 27/43 MP: 6/6
  1978 | D:4      | Found a radiant altar of Vehumet.
  2283 | D:4      | Found an ancient bone altar of Kikubaaqudgha.
  2335 | D:4      | Found a snail-covered altar of Cheibriados.
  2733 | D:5      | Entered Level 5 of the Dungeon
  2791 | D:5      | Found a shattered altar of Ashenzari.
  2803 | D:5      | Noticed Duffy's ghost (amateur DEFE)
  2805 | D:5      | Noticed an ice beast
  2811 | D:5      | Killed Duffy's ghost
  2811 | D:5      | Reached XP level 7. HP: 48/48 MP: 7/7
  2817 | D:5      | Reached skill level 5 in Long Blades
  2817 | D:5      | Reached skill level 5 in Stealth
  3057 | D:5      | Found a shadowy altar of Dithmenos.
  3101 | D:5      | Reached skill level 1 in Throwing
  3229 | D:5      | Reached XP level 8. HP: 15/54 MP: 8/8
  3538 | D:5      | Found a basalt altar of Yredelemnul.
  3640 | D:5      | Found a staircase to the Ecumenical Temple.
  3648 | Temple   | Entered the Ecumenical Temple
  3710 | Temple   | Became a worshipper of Gozag Ym Sagoz the Greedy
  4383 | D:6      | Reached XP level 9. HP: 36/60 MP: 9/9
  4823 | D:6      | Mangled by an ice beast

Vault maps used:
D:1:      minmay_arrival_split_and_join
D:2:      uniq_sigmund
D:3:      lightli_temple_of_fire, first_ration
D:4:      overflow_temple_1_default, kiku_gazebo_pond_becter,
          cheibriados_altar_1, gup_sewer_entry_spiral
D:5:      nicolae_dithmenos_shadow_blocks, ashenzari_conservatory_becter,
          yredelemnul_forgotten_temple_becter, temple_doors_e
D:6:      serial_shops, nicolae_shop_window_shopping, minmay_strange_pillars
Temple:   compressed_dpeg_triangle_lava_temple

Skill      XL: |  1  2  3  4  5  6  7  8 |
---------------+-------------------------+-----
Stealth        | 1 2 4 6 7 |  7.9
Long Blades    | 3 4 6 7 |  7.2
Fighting       | 4 |  4.9
Dodging        | 4 |  4.6
Throwing       | 1 2 |  2.1
Shields        | 4 |  4.6

Action                   |  1- 3 |  4- 6 |  7- 9 || total
-------------------------+-------+-------+-------++-------
Melee: Long sword        |    65 |    45 |    63 ||   173
       Tentacles         |    17 |    14 |    27 ||    58
       Constrict         |    18 |    17 |    20 ||    55
       Scimitar          |       |    29 |    36 ||    65
 Fire: Blowgun           |       |     5 |       ||     5
Throw: Javelin           |       |     1 |     6 ||     7
       Stone             |       |       |    10 ||    10
Evoke: Wand              |       |       |     5 ||     5
  Use: Scroll            |       |     8 |     4 ||    12
       Potion            |       |     4 |     3 ||     7
 Stab: Sleeping          |     5 |    15 |     7 ||    27
  Eat: Chunk             |       |     3 |     3 ||     6
       Ration            |       |     1 |     1 ||     2
Armor: Skin              |     5 |     3 |     3 ||    11
Dodge: Dodged            |    18 |    29 |    31 ||    78
Block: Shield            |    34 |    22 |    37 ||    93
       Rpst.: Long sword |     6 |     6 |     6 ||    18
       Scimitar          |       |     6 |     3 ||     9

Table legend:
 A = Spawn XP
 B = Non-spawn XP
 C = Spawn XP percentage of total XP
 D = Spawn monster count
 E = Non-spawn monster count
 F = Spawn count percentage of total count
 G = Total turns spent on level
                    A         B        C        D         E        F      G
               +---------+---------+-------+---------+---------+-------+---------
         Total |       0 |    2483 |   0.0 |       0 |     120 |   0.0 |  4823
               +---------+---------+-------+---------+---------+-------+---------
           D:1 |       0 |      49 |   0.0 |       0 |      25 |   0.0 |   522
           D:2 |       0 |      39 |   0.0 |       0 |      15 |   0.0 |   468
           D:3 |       0 |     194 |   0.0 |       0 |      20 |   0.0 |   665
           D:4 |       0 |     224 |   0.0 |       0 |      21 |   0.0 |  1078
           D:5 |       0 |    1210 |   0.0 |       0 |      19 |   0.0 |   953
           D:6 |       0 |     767 |   0.0 |       0 |      20 |   0.0 |  1059
               +---------+---------+-------+---------+---------+-------+---------
